[Event "*** Titled Tuesday Blitz"]
[Site "Chess.com"]
[Date "2020.05.19"]
[Round "5"]
[White "THE_PLAYER6"]
[Black "MaxLeto"]
[Result "1-0"]
[WhiteElo "2506"]
[BlackElo "2331"]
[TimeControl "180+1"]
[EndTime "12:55:32 PDT"]
[Termination "THE_PLAYER6 won by checkmate"]

1. d4 Nf6 2. c4 g6 3. Nc3 Bg7 4. e4 d6 5. Be2 e5 6. d5 a5 7. Be3 Na6 8. g4 Nc5 9. f3 O-O 10. h4 Ne8 11. h5 f5 12. hxg6 hxg6 13. gxf5 gxf5 14. exf5 Bxf5 15. Qd2 a4 16. Nh3 Qh4+ 17.
Nf2 Qf6 18. O-O-O a3 19. b3 e4 20. Rdg1 exf3 21. Bd4 Qe7 22. Bxf3 Rf7 23. Qh6 Kf8 24. Qh8+ Bxh8 25. Rxh8# 1-0

[Event "*** Titled Tuesday Blitz"]
[Site "Chess.com"]
[Date "2020.05.19"]
[Round "5"]
[White "promen1999"]
[Black "Funo09"]
[Result "0-1"]
[WhiteElo "2884"]
[BlackElo "2743"]
[TimeControl "180+1"]
[EndTime "12:55:37 PDT"]
[Termination "Funo09 won by resignation"]

1. Nf3 Nf6 2. g3 g6 3. b3 Bg7 4. Bb2 O-O 5. Bg2 d6 6. d4 c6 7. c4 Nbd7 8. O-O Re8 9. Re1 e5 10. dxe5 dxe5 11. Nc3 a5 12. Nd2 e4 13. Ncxe4 Nxe4 14. Bxg7 Nxd2 15. Bb2 Ne4 16. Qc2 Ndf6 17. Rad1 Qe7 18.
Ba1 Nxf2 19. Bxf6 Qxf6 20. Rf1 Bf5 21. e4 Nxe4 22. Bxe4 Bxe4 0-1

[Event "*** Titled Tuesday Blitz"]
[Site "Chess.com"]
[Date "2020.05.19"]
[Round "5"]
[White "ErikBlomqvist"]
[Black "BlackBoarder"]
[Result "0-1"]
[WhiteElo "2333"]
[BlackElo "2604"]
[TimeControl "180+1"]
[EndTime "12:55:39 PDT"]
[Termination "BlackBoarder won by resignation"]

1. e4 e6 2. d4 d5 3. e5 c5 4. c3 Nc6 5. Nf3 Bd7 6. Be2 f6 7. O-O fxe5 8. Nxe5 Nxe5 9. dxe5 Qc7 10. c4 d4 11. Bf4 O-O-O 12. Nd2 Bc6 13. Bd3 g5 14. Bg3 h5 15. h3 Bg7 16. Qe2 Ne7 17. Ne4 Bxe5 18. Nxg5 Bxg3 19. fxg3 Qxg3 20. Ne4 Qe3+ 21.
Qxe3 dxe3 22. Nxc5 b6 0-1

[Event "*** Titled Tuesday Blitz"]
[Site "Chess.com"]
[Date "2020.05.19"]
[Round "5"]
[White "cukin84"]
[Black "crossingthestreet"]
[Result "1-0"]
[WhiteElo "2147"]
[BlackElo "2306"]
[TimeControl "180+1"]
[EndTime "12:55:39 PDT"]
[Termination "cukin84 won by checkmate"]

1. e4 e6 2. d4 d5 3. Nc3 Nf6 4.
e5 Nfd7 5. f4 c5 6. Nf3 Nc6 7. Be3 Be7 8. Qd2 O-O 9. Be2 a6 10.
O-O b5 11. Nd1 Qb6 12. c3 a5 13. Bd3 b4 14. Qe2 Ba6 15. Ng5 h6 16. Nh3 Bxd3 17. Qxd3 Qa6 18. Qc2 Rac8 19. Qf2 bxc3 20. bxc3 cxd4 21.
cxd4 Nb4 22. f5 Nc2 23. Qg3 Nxe3 24. Nxe3 f6 25. Ng4 Kh7 26. Nxh6 gxh6 27. Qg6+ Kh8 28.
Qxh6+ Kg8 29. Qg6+ Kh8 30. Rf3 fxe5 31. Ng5 Bxg5 32.
Rh3+ Bh6 33. Rxh6# 1-0

[Event "*** Titled Tuesday Blitz"]
[Site "Chess.com"]
[Date "2020.05.19"]
[Round "5"]
[White "Oneofmyturns"]
[Black "Vaathi_Coming"]
[Result "0-1"]
[WhiteElo "2610"]
[BlackElo "2876"]
[TimeControl "180+1"]
[EndTime "12:55:43 PDT"]
[Termination "Vaathi_Coming won on time"]

1. d4 d5 2. c4 c6 3. Nc3 Nf6 4. cxd5 cxd5 5. Bf4 Nc6 6. e3 Bf5 7. Qb3 Na5 8. Qa4+ Bd7 9. Qc2 e6 10. Bd3 Be7 11. h3 Nc6 12. Qe2 O-O 13. Nf3 Nh5 14. Bh2 f5 15. Ne5 Nf6 16. Nxc6 Bxc6 17. O-O Bd6 18.
Bxd6 Qxd6 19. Rab1 g5 20. Rfe1 Kh8 21. b4 Rg8 22. b5 Bd7 23. g3 f4 24. exf4 gxf4 25. g4 Rg5 26. f3 Rag8 27. h4 Rxg4+ 28. fxg4 Nxg4 29. Kh1 f3 30. Qd2 Qg3 0-1

[Event "*** Titled Tuesday Blitz"]
[Site "Chess.com"]
[Date "2020.05.19"]
[Round "5"]
[White "Tsyhanchuk_Stanislav"]
[Black "PredragNikac"]
[Result "0-1"]
[WhiteElo "2468"]
[BlackElo "2296"]
[TimeControl "180+1"]
[EndTime "12:55:43 PDT"]
[Termination "PredragNikac won by checkmate"]

1. e4 d5 2. exd5 Nf6 3. Bb5+ Nbd7 4. c4 g6 5. d4 Bg7 6. Nc3 O-O 7. Bxd7 Bxd7 8.
Nf3 b5 9. b3 c6 10. dxc6 Bxc6 11.
Be3 Qa5 12. Bd2 b4 13. Ne2 Bxf3 14. gxf3 Qh5 15. Ng3 Qh3 16. Bxb4 h5 17. Qd2 h4 18.
O-O-O hxg3 19. hxg3 Qf5 20. Qd3 Qd7 21. g4 a5 22. Bd2 a4 23. b4 a3 24. f4 Nxg4 25. Qh3 Rfc8 26. Qb3 Qxd4 27. Be3 Rxc4+ 28. Kb1 Qa1# 0-1

[Event "*** Titled Tuesday Blitz"]
[Site "Chess.com"]
[Date "2020.05.19"]
[Round "5"]
[White "TurboSteen"]
[Black "Popopuiyt"]
[Result "0-1"]
[WhiteElo "1994"]
[BlackElo "2366"]
[TimeControl "180+1"]
[EndTime "12:55:45 PDT"]
[Termination "Popopuiyt won on time"]

1. e4 c5 2. Nc3 Nc6 3. Bb5 Nd4 4.
Nf3 a6 5. Bd3 b5 6. Nxd4 cxd4 7.
Ne2 e5 8. O-O Bb7 9. f4 d5 10.
Ng3 dxe4 11. Nxe4 f5 12. Ng5 e4 13. Be2 Nf6 14. d3 Bc5 15. Kh1 Qe7 16. Bd2 O-O 17. a4 h6 18. Nh3 Kh8 19. axb5 axb5 20. Rxa8 Rxa8 21. dxe4 fxe4 22. Bxb5 e3 23. Be1 Qe4 24. Rg1 Bc8 25. Bd3 Qd5 0-1

[Event "*** Titled Tuesday Blitz"]
[Site "Chess.com"]
[Date "2020.05.19"]
[Round "5"]
[White "Novoselski"]
[Black "szefru"]
[Result "1-0"]
[WhiteElo "2323"]
[BlackElo "2146"]
[TimeControl "180+1"]
[EndTime "12:55:45 PDT"]
[Termination "Novoselski won by resignation"]

1. d4 Nf6 2. c4 g6 3. Nc3 Bg7 4. e4 d6 5. h3 O-O 6. Bg5 c5 7. d5 e6 8. Bd3 exd5 9. Nxd5 Nbd7 10. Ne2 Qa5+ 11. Nec3 Nxd5 12. exd5 Bxc3+ 13. bxc3 Qxc3+ 14. Kf1 Ne5 15. Be2 Bf5 16. Bf6 Rfe8 17. f4 Bd3 18.
fxe5 Bxe2+ 19. Kxe2 Qxc4+ 20. Qd3 Qf4 21. Rhf1 Qh6 22.
Qf3 dxe5 23. d6 Re6 24. d7 Rd6 25. Rad1 Qf8 26. Rxd6 Qxd6 27. d8=Q+ Rxd8 28. Bxd8 1-0

[Event "*** Titled Tuesday Blitz"]
[Site "Chess.com"]
[Date "2020.05.19"]
[Round "5"]
[White "Love_craft"]
[Black "savagemedusa"]
[Result "1-0"]
[WhiteElo "2527"]
[BlackElo "2255"]
[TimeControl "180+1"]
[EndTime "12:55:46 PDT"]
[Termination "Love_craft won by resignation"]

1. Nf3 f5 2. g3 Nf6 3. Bg2 e6 4. O-O Be7 5. b3 O-O 6. Bb2 d6 7. d4 Qe8 8. c4 Nc6 9. d5 Nd8 10. dxe6 Nxe6 11. Nc3 Ne4 12. Nxe4 fxe4 13. Nd2 e3 14. fxe3 Bg5 15. Rxf8+ Nxf8 16. Nf1 Bf5 17. Qd5+ Qe6 18. Qxb7 Bxe3+ 19. Kh1 Qe8 20. Qxa8 Qxa8 21. Bxa8 Ng6 22. Bd5+ Kf8 23. Nxe3 1-0

[Event "*** Titled Tuesday Blitz"]
[Site "Chess.com"]
[Date "2020.05.19"]
[Round "5"]
[White "1g41-0"]
[Black "KuzubovYuriy"]
[Result "0-1"]
[WhiteElo "2526"]
[BlackElo "2705"]
[TimeControl "180+1"]
[EndTime "12:55:49 PDT"]
[Termination "KuzubovYuriy won by resignation"]

1. d4 Nf6 2. c4 e6 3. Nc3 Bb4 4. f3 Nh5 5. Nh3 f5 6. Bg5 Nf6 7. e3 h6 8. Bh4 O-O 9. Bd3 d6 10. O-O Bxc3 11. bxc3 Nbd7 12. e4 fxe4 13. fxe4 e5 14.
Nf2 Qe8 15. Ng4 Nxg4 16. Qxg4 Nc5 17. Qe2 Nxd3 18. Qxd3 Rxf1+ 19. Rxf1 Bg4 20. Qg3 Bh5 21. h3 Bg6 22. Kh2 Kh7 23. Re1 Qe6 24. Qd3 Re8 25. d5 Qc8 26. Bg3 b6 27. Rf1 Rf8 28. Rxf8 Qxf8 29.
Kg1 Qe8 30. Qc2 Qc8 31. Qa4 Bxe4 32. Qc6 Bf5 33. Kh2 Bd7 0-1

[Event "*** Titled Tuesday Blitz"]
[Site "Chess.com"]
[Date "2020.05.19"]
[Round "5"]
[White "IMJonathanCarlstedt"]
[Black "Mirzaad786"]
[Result "0-1"]
[WhiteElo "2456"]
[BlackElo "2276"]
[TimeControl "180+1"]
[EndTime "12:55:49 PDT"]
[Termination "Mirzaad786 won by resignation"]

1. d4 d5 2. Bf4 Bf5 3. e3 c6 4.
c4 e6 5. Nc3 Bd6 6. Bxd6 Qxd6 7. Qb3 b6 8. cxd5 exd5 9. Nf3 Nd7 10. Be2 Ne7 11. O-O O-O 12. Rfc1 h6 13. a4 a5 14.
Qd1 Qb4 15. Bd3 Rac8 16. Bxf5 Nxf5 17. Ra3 Qd6 18. Rb3 g5 19. Qd3 Qe6 20. Ne5 Nxe5 21. dxe5 Rb8 22. Ne2 c5 23. Qa6 Rfe8 24. Rb5 Qxe5 25.
Rxb6 Rxb6 26. Qxb6 Nxe3 27. fxe3 Qxe3+ 28. Kh1 Qxc1+ 0-1

[Event "*** Titled Tuesday Blitz"]
[Site "Chess.com"]
[Date "2020.05.19"]
[Round "5"]
[White "LiverpooL174"]
[Black "SaraciNderim"]
[Result "0-1"]
[WhiteElo "2527"]
[BlackElo "2848"]
[TimeControl "180+1"]
[EndTime "12:55:51 PDT"]
[Termination "SaraciNderim won by resignation"]

1. Nf3 b6 2. b3 Bb7 3. Bb2 Nf6 4. g3 g6 5. Bg2 Bg7 6. O-O O-O 7. c4 d5 8. d4 dxc4 9. bxc4 Ne4 10. Nc3 Nxc3 11. Bxc3 c5 12. e3 Nc6 13. Rc1 cxd4 14. exd4 Rc8 15.
d5 Na5 16. Bxg7 Kxg7 17. Qd4+ Kg8 18. Rfd1 Qd6 19. h4 Qf6 20. Qe3 Nxc4 21. Qe2 Nd6 22.
Rxc8 Rxc8 23. Ne5 Qf5 24. Rd2 Rc1+ 25. Kh2 Ba6 26. Qxa6 Qxe5 27. Re2 Qf6 28. Qxa7 Nf5 29. Qb8+ Kg7 30. Qe5 Qxe5 31. Rxe5 Rc2 32. Kg1 Rxa2 33.
d6 exd6 34. Rb5 Ra1+ 35. Kh2 Rd1 36. Rxb6 d5 37. Bf3 Rd2 38. Kg1 d4 39. Kf1 h5 40.
Ke1 Ra2 41. Be4 Ra1+ 42. Ke2 Nh6 43. Rd6 Ra2+ 44. Ke1 Ng4 45. Rxd4 Rxf2 46. Rd3 Rf6 47. Rf3 Re6 48. Rf4 f5 0-1

[Event "*** Titled Tuesday Blitz"]
[Site "Chess.com"]
[Date "2020.05.19"]
[Round "5"]
[White "vladislavkovalev"]
[Black "GMartin_Petrov"]
[Result "1-0"]
[WhiteElo "2901"]
[BlackElo "2612"]
[TimeControl "180+1"]
[EndTime "12:55:52 PDT"]
[Termination "vladislavkovalev won by resignation"]

1. e4 c5 2. Be2 Nc6 3. d3 g6 4.
f4 Bg7 5. Nf3 e6 6. O-O Nge7 7.
c3 d5 8. Be3 d4 9. Bf2 O-O 10.
Qc2 b6 11. Nbd2 Ba6 12. Nb3 Rc8 13. cxd4 cxd4 14. Qd2 Qd6 15. Rfc1 f6 16. Nbxd4 Nxd4 17. Bxd4 e5 18. fxe5 fxe5 19. Bc3 Nc6 20. a3 Rcd8 21. b4 h5 22. a4 Bxd3 23. Rd1 Bxe2 24. Qxd6 Rxd6 25. Rxd6 Bxf3 26. gxf3 Nd4 27. Bxd4 exd4 28. Kg2 Rc8 29. Rxg6 Rc2+ 30. Kh3 Kh7 31. Rg5 Kh6 32.
Rag1 Bf8 33. Rd5 Rf2 34. Kg3 Rd2 35. Rg2 Rd3 36. Kf4 Bg7 37. Rd6+ 1-0

[Event "*** Titled Tuesday Blitz"]
[Site "Chess.com"]
[Date "2020.05.19"]
[Round "5"]
[White "Rsnr"]
[Black "gilbert_gm"]
[Result "1/2-1/2"]
[WhiteElo "2835"]
[BlackElo "2604"]
[TimeControl "180+1"]
[EndTime "12:55:53 PDT"]
[Termination "Game drawn by repetition"]

1. d4 d5 2. c4 c6 3. Nf3 Nf6 4. Nc3 dxc4 5. a4 Bf5 6. Nh4 Bc8 7. e3 e5 8. Bxc4 exd4 9. exd4 Bb4 10. O-O O-O 11.
Nf3 Bg4 12. h3 Bxf3 13. Qxf3 Qxd4 14. Bb3 Nbd7 15. Rd1 Qh4 16. Bf4 Rae8 17. a5 Ne5 18. Bxe5 Rxe5 19. a6 bxa6 20. Rxa6 c5 21. Rxa7 h6 22.
Rxf7 Rxf7 23. Rd8+ Kh7 24. Bxf7 Re1+ 25. Kh2 Ng4+ 26.
Qxg4 Qxd8 27. Nd5 Qd6+ 28. g3 Qc6 29. h4 c4 30. h5 Kh8 31. Qf3 Bf8 32. Bg6 Bc5 33.
Kg2 Re5 34. Be4 Qe8 35. Bg6 Qc6 36. Be4 Qe8 37. Bg6 Qc6 1/2-1/2

[Event "*** Titled Tuesday Blitz"]
[Site "Chess.com"]
[Date "2020.05.19"]
[Round "5"]
[White "pichonazo"]
[Black "Quattroporte300"]
[Result "1-0"]
[WhiteElo "2503"]
[BlackElo "2320"]
[TimeControl "180+1"]
[EndTime "12:55:54 PDT"]
[Termination "pichonazo won by resignation"]

1. e4 e5 2. Nc3 Nf6 3. g3 d5 4. exd5 Nxd5 5. Bg2 Nxc3 6. bxc3 Nc6 7. Nf3 Bc5 8. O-O O-O 9. Re1 Qf6 10. d3 h6 11. Rb1 Bb6 12. Be3 Re8 13. Nd2 Bf5 14.
a4 Rad8 15. Qf3 Qe6 16. Bxb6 axb6 17. Nc4 Qg6 18. Ne3 Be6 19. Rb5 Ra8 20. Ra1 Bd7 21. Rb2 Qd6 22. Nc4 Qc5 23. Qe3 Qxe3 24. fxe3 f6 25. a5 bxa5 26. Rxb7 a4 27. Rxc7 Ra7 28. Rxd7 Rxd7 29. Bxc6 Red8 30. Bxd7 1-0

[Event "*** Titled Tuesday Blitz"]
[Site "Chess.com"]
[Date "2020.05.19"]
[Round "5"]
[White "Gvetadze"]
[Black "novocane"]
[Result "1-0"]
[WhiteElo "2396"]
[BlackElo "2217"]
[TimeControl "180+1"]
[EndTime "12:55:55 PDT"]
[Termination "Gvetadze won by resignation"]

1. Nf3 c5 2. g3 b6 3. Bg2 Bb7 4. O-O e6 5. Ne1 Bxg2 6. Nxg2 Nf6 7. d3 d5 8. Nd2 Bd6 9. e4 Nbd7 10. Qe2 O-O 11. f4 dxe4 12. dxe4 e5 13. f5 a6 14. g4 b5 15. g5 Ne8 16. h4 c4 17. Kh1 Nc5 18. Nf3 Nc7 19. Nh2 Qd7 20. Bd2 Qc6 21.
Rae1 g6 22. Ng4 a5 23. Nf6+ Kh8 24. Qg4 Be7 25. h5 Bxf6 26. gxf6 g5 27. Bxg5 Rg8 28.
Qh4 Rxg5 29. Qxg5 Rg8 30. Qh4 Ne8 31. Rf3 Nxf6 32. Rg3 Ncxe4 33. Rxg8+ Kxg8 34. h6 Nh5 35. Qd8+ 1-0

[Event "*** Titled Tuesday Blitz"]
[Site "Chess.com"]
[Date "2020.05.19"]
[Round "5"]
[White "Glidzhian_Gor"]
[Black "ahappypawn"]
[Result "1-0"]
[WhiteElo "2470"]
[BlackElo "2320"]
[TimeControl "180+1"]
[EndTime "12:55:57 PDT"]
[Termination "Glidzhian_Gor won by resignation"]

1. e4 e5 2. Nf3 Nc6 3. Bb5 a6 4. Ba4 Nf6 5. d3 b5 6. Bb3 Be7 7. O-O O-O 8. Re1 d6 9. c3 Bg4 10. h3 Bh5 11. Nbd2 Qd7 12. Nf1 Na5 13. Bc2 c5 14. Ng3 Bxf3 15. Qxf3 Nc6 16. Nf5 Rfe8 17.
Bg5 Bd8 18. a4 Rb8 19. axb5 axb5 20. Bb3 Kh8 21. Ra6 Rc8 22. Bd5 Rg8 23. Rea1 Nxd5 24.
exd5 Bxg5 25. dxc6 Qe6 26. Ra7 g6 27. Ng3 f5 28.
Rb7 d5 29. Raa7 Rgf8 30. Rxh7+ 1-0

[Event "*** Titled Tuesday Blitz"]
[Site "Chess.com"]
[Date "2020.05.19"]
[Round "5"]
[White "MathiasWomacka"]
[Black "Ashedu66"]
[Result "1-0"]
[WhiteElo "2378"]
[BlackElo "2139"]
[TimeControl "180+1"]
[EndTime "12:55:57 PDT"]
[Termination "MathiasWomacka won on time"]

1. e4 e5 2. Nf3 Nc6 3. Bc4 Bc5 4. O-O Nf6 5. d3 a6 6. c3 Ba7 7. Nbd2 O-O 8. h3 d5 9. exd5 Nxd5 10. Re1 b5 11. Bb3 Nf4 12. d4 exd4 13. Ne4 Ne6 14.
Neg5 dxc3 15. Qc2 Nxg5 16. Nxg5 g6 17. bxc3 Bf5 18. Qe2 Qf6 19. Qf3 Rae8 20. Rxe8 Rxe8 21. Bxf7+ Qxf7 22. Nxf7 Re1+ 23. Kh2 Kxf7 24. Qxc6 Bxf2 25.
Qxc7+ Ke6 26. Bb2 Bg1+ 27. Kh1 1-0

[Event "*** Titled Tuesday Blitz"]
[Site "Chess.com"]
[Date "2020.05.19"]
[Round "5"]
[White "Kaliopa"]
[Black "OMGCovid-19"]
[Result "1-0"]
[WhiteElo "2107"]
[BlackElo "1837"]
[TimeControl "180+1"]
[EndTime "12:55:57 PDT"]
[Termination "Kaliopa won by resignation"]

1. e4 e6 2. d4 d5 3. Nd2 Nf6 4. e5 Nfd7 5. Ngf3 c5 6. c3 Qb6 7.
Bd3 Nc6 8. O-O cxd4 9. cxd4 Nxd4 10. Nxd4 Qxd4 11. Nf3 Qg4 12. h3 Qh5 13. Bf4 Bc5 14. Rc1 Bb6 15. Kh2 O-O 16. g4 Qg6 17.
Bxg6 fxg6 18. Be3 Bd8 19. Kg2 b6 20. Rc6 Bb7 21. Rxe6 d4 22. Qxd4 Bxf3+ 23. Kg1 Nc5 24. Rd6 Be7 25. Qc4+ Kh8 26. Bxc5 Rac8 27. Rd2 Bxc5 28.
Qe6 Rce8 29. Qb3 Bc6 30. Rfd1 Rf3 31. Qxf3 Bxf3 32. Rd8 Rf8 33. Rxf8+ Bxf8 34. Rd8 Kg8 35. e6 h5 36. e7 1-0

[Event "*** Titled Tuesday Blitz"]
[Site "Chess.com"]
[Date "2020.05.19"]
[Round "5"]
[White "BeanScreen"]
[Black "Indianlad"]
[Result "0-1"]
[WhiteElo "2620"]
[BlackElo "2937"]
[TimeControl "180+1"]
[EndTime "12:56:00 PDT"]
[Termination "Indianlad won by checkmate"]

1. e4 e5 2. Nf3 Nc6 3. Bc4 Bc5 4. c3 Nf6 5. d3 d6 6. Nbd2 a6 7. a4 Ba7 8. Nf1 O-O 9. Ng3 Be6 10. Bxe6 fxe6 11. O-O h6 12. Qb3 Qd7 13. a5 Kh7 14.
Be3 Bxe3 15. fxe3 d5 16. Nd2 Rab8 17. Qc2 Kh8 18. b4 Qe7 19. d4 Ng4 20. Qd3 Qh4 21. Nf3 Rxf3 22. Rxf3 Nxh2 23. Qe2 Kg8 24. Raf1 Ng4 25.
Rd1 dxe4 26. Rff1 Qh2# 0-1

[Event "*** Titled Tuesday Blitz"]
[Site "Chess.com"]
[Date "2020.05.19"]
[Round "5"]
[White "ramses135"]
[Black "Shahinyan_ChessMood"]
[Result "0-1"]
[WhiteElo "2499"]
[BlackElo "2666"]
[TimeControl "180+1"]
[EndTime "12:56:01 PDT"]
[Termination "Shahinyan_ChessMood won by resignation"]

1. e4 d6 2. d4 Nf6 3. Nc3 e5 4. Nf3 Nbd7 5. Bc4 Be7 6. O-O O-O 7. Re1 c6 8. a4 exd4 9. Nxd4 Ne5 10. Bb3 Re8 11.
f4 Ng6 12. Nf3 d5 13. exd5 Bc5+ 14. Kf1 Rxe1+ 15. Qxe1 cxd5 16. Be3 Bxe3 17. Qxe3 Ng4 18. Qd4 Be6 19. Rd1 Qc7 20. h3 Nh6 21. Bxd5 Nf5 22.
Qf2 Nxf4 23. Bxe6 Nxe6 24. Nd5 Qc4+ 25. Kg1 Rd8 26. g4 Rxd5 27. Rxd5 Qxd5 28. gxf5 Qxf5 29. b3 Qxh3 30. Nh2 0-1

[Event "*** Titled Tuesday Blitz"]
[Site "Chess.com"]
[Date "2020.05.19"]
[Round "5"]
[White "XDPS"]
[Black "Perecke"]
[Result "1-0"]
[WhiteElo "2668"]
[BlackElo "2264"]
[TimeControl "180+1"]
[EndTime "12:56:01 PDT"]
[Termination "XDPS won on time"]

1. d4 d5 2. Bf4 c5 3. e3 Nc6 4. Nf3 Nf6 5. Nbd2 Qb6 6. dxc5 Qxb2 7. Rb1 Qxa2 8. Bb5 e6 9. c4 Bxc5 10. Ra1 Qb2 11. Be5 Qb4 12. Ra4 O-O 13. Rxb4 Nxb4 14.
O-O a6 15. Ba4 dxc4 16. Bxf6 gxf6 17. Ne4 Be7 18. Qd4 b5 19. Nxf6+ Bxf6 20. Qxf6 bxa4 21.
Ne5 Nd5 22. Qg5+ Kh8 23. e4 f6 24. Qh6 Kg8 25. Nc6 Nc7 26. Ne7+ Kf7 27. Qxh7+ Ke8 28. Ng6 Rf7 29. Qg8+ 1-0

[Event "*** Titled Tuesday Blitz"]
[Site "Chess.com"]
[Date "2020.05.19"]
[Round "5"]
[White "hypert"]
[Black "antoszu"]
[Result "0-1"]
[WhiteElo "2376"]
[BlackElo "2548"]
[TimeControl "180+1"]
[EndTime "12:56:02 PDT"]
[Termination "antoszu won by resignation"]

1. e4 c5 2. Nf3 d6 3. d4 cxd4 4. Nxd4 Nf6 5. Nc3 a6 6. Qf3 g6 7.
Be3 Bg7 8. Qg3 O-O 9. f4 b5 10. e5 dxe5 11. fxe5 Nd5 12. Be2 Nxe3 13. Qxe3 Qb6 14.
O-O-O Bb7 15. Bf3 e6 16. Bxb7 Qxb7 17. Nf3 Nd7 18. Ne4 Qc7 19. Nd6 Rad8 20. h4 Nxe5 21.
Nxe5 Rxd6 22. Rxd6 Qxd6 23. Nd3 Qd4 24. Qxd4 Bxd4 25.
h5 Rd8 26. Kd2 Bxb2 27. Ke2 Bf6 28. g4 Rc8 29. Kd1 Rc4 30. Rg1 Bg5 31. Ne5 Rd4+ 32. Nd3 Ra4 0-1

[Event "*** Titled Tuesday Blitz"]
[Site "Chess.com"]
[Date "2020.05.19"]
[Round "5"]
[White "mishikomchedlishvili"]
[Black "ALeks_Ivlev"]
[Result "1-0"]
[WhiteElo "2853"]
[BlackElo "2597"]
[TimeControl "180+1"]
[EndTime "12:56:03 PDT"]
[Termination "mishikomchedlishvili won by resignation"]

1. d4 Nf6 2. Bg5 Ne4 3. Bf4 d5 4. e3 c5 5. Bd3 cxd4 6. exd4 Nc6 7. Bxe4 dxe4 8. d5 e5 9. Bg3 Nb4 10. Nc3 e3 11. fxe3 Bd6 12. Nf3 O-O 13. a3 Na6 14.
Nxe5 Re8 15. Nc4 Bxg3+ 16. hxg3 Qg5 17. Qf3 Bg4 18. Qf4 Qg6 19. Ne5 Rxe5 20. Qxe5 Qxc2 21. O-O Qxb2 22. Rab1 Qxa3 23. Rxb7 Rf8 24. Rxa7 Bc8 25.
d6 Be6 26. Qd4 Rd8 27. Ne4 h5 28. Qb6 1-0

[Event "*** Titled Tuesday Blitz"]
[Site "Chess.com"]
[Date "2020.05.19"]
[Round "5"]
[White "VaKukl"]
[Black "SamuelGhimpu2003"]
[Result "0-1"]
[WhiteElo "2370"]
[BlackElo "2601"]
[TimeControl "180+1"]
[EndTime "12:56:03 PDT"]
[Termination "SamuelGhimpu2003 won by resignation"]

1. e4 e6 2. d4 d5 3. Nd2 c5 4. exd5 Qxd5 5. Ngf3 cxd4 6. Nb3 Bb4+ 7. Bd2 Bd6 8. Nfxd4 Nf6 9. Nb5 O-O 10. Nxd6 Qxd6 11. Bc3 Nd5 12. Bc4 Nc6 13. O-O b6 14. Bxd5 Qxd5 15.
Qxd5 exd5 16. Nd4 Nxd4 17. Bxd4 Be6 18. Rfe1 Rfc8 19. c3 b5 20. Re3 a5 21. Rae1 Kf8 22. h3 b4 23. f4 h5 24. f5 Bxf5 25. Re5 Be4 26. Rxh5 f6 27. g4 Kf7 28. g5 Kg6 29.
Rh4 Kxg5 30. Rg4+ Kh6 31. Kf2 bxc3 32. Reg1 g5 33. Bxf6 Rf8 34. Rxg5 Rxf6+ 35. Ke3 cxb2 36. R5g4 Rg6 0-1

[Event "*** Titled Tuesday Blitz"]
[Site "Chess.com"]
[Date "2020.05.19"]
[Round "5"]
[White "EfM13"]
[Black "cfjohansson"]
[Result "1-0"]
[WhiteElo "2262"]
[BlackElo "2377"]
[TimeControl "180+1"]
[EndTime "12:56:03 PDT"]
[Termination "EfM13 won by resignation"]

1. e4 c5 2. c3 Nf6 3. e5 Nd5 4. d4 cxd4 5. cxd4 e6 6. Nf3 b6 7. Bc4 Bb7 8. O-O d6 9. Nc3 Nxc3 10. bxc3 Nd7 11. Qd3 Be7 12. exd6 Bxd6 13. Bg5 Qc7 14. Bb3 Rc8 15. Rfc1 h6 16. Bd2 Nf6 17. Re1 O-O 18. Ne5 Ba8 19. h3 Qb7 20. Qg3 Ne4 21. Rxe4 Qxe4 22. Re1 Qh7 23. Qg4 Bd5 24. c4 Be4 25. Nd7 Bf5 26. Nf6+ Kh8 27. Nxh7 Bxg4 28. Nxf8 Bf5 29.
Nd7 f6 30. g4 Bd3 31. Rxe6 Ba3 32. Re3 Bg6 33. c5 Be8 34. Be6 bxc5 35. Nxc5 Rd8 36. Rxa3 Rxd4 37. Be3 1-0

[Event "*** Titled Tuesday Blitz"]
[Site "Chess.com"]
[Date "2020.05.19"]
[Round "5"]
[White "Synctel"]
[Black "Konek-Gorbunok"]
[Result "0-1"]
[WhiteElo "1920"]
[BlackElo "2284"]
[TimeControl "180+1"]
[EndTime "12:56:03 PDT"]
[Termination "Konek-Gorbunok won on time"]

1. d4 c5 2. c3 e6 3. Nf3 d5 4. e3 Nc6 5. Bd3 c4 6. Bc2 b5 7. e4 dxe4 8. Bxe4 Bb7 9. Bg5 Be7 10. Bxe7 Qxe7 11. Nbd2 Nf6 12. Bc2 O-O 13. O-O Rfd8 14. Re1 Qd7 15. Qe2 Qd5 16. Ne4 Nxe4 17. Bxe4 Qh5 18. Rad1 Na5 19. Bxb7 Nxb7 20. Qe5 Qxe5 21. Nxe5 Rac8 22. Kf1 Rd5 23. a3 Nd8 24. Re3 Nc6 25.
Nxc6 Rxc6 26. Rde1 Kf8 27. Re5 Rcd6 28. Rxd5 Rxd5 29. Re5 Ke7 30. Rxd5 exd5 31. Ke2 Ke6 32. Ke3 Kf5 33. h3 h5 34. g3 g5 0-1

[Event "*** Titled Tuesday Blitz"]
[Site "Chess.com"]
[Date "2020.05.19"]
[Round "5"]
[White "sari07"]
[Black "Nara_Kh"]
[Result "1-0"]
[WhiteElo "2448"]
[BlackElo "2284"]
[TimeControl "180+1"]
[EndTime "12:56:04 PDT"]
[Termination "sari07 won by resignation"]

1. d4 Nf6 2. c4 g6 3. Nc3 Bg7 4.
e4 d6 5. f3 e5 6. dxe5 dxe5 7.
Qxd8+ Kxd8 8. Be3 Be6 9. O-O-O+ Nbd7 10. Nh3 h6 11. Nf2 c6 12. g4 Ke7 13. h4 a5 14. Bh3 Rad8 15. g5 hxg5 16. hxg5 Nh5 17. Bxe6 Kxe6 18. Rd2 f5 19. Rhd1 f4 20. Bb6 Nxb6 21.
Rxd8 Rxd8 22. Rxd8 Nxc4 23. Na4 Ne3 24. Nc5+ Ke7 25.
Rd7+ Ke8 26. Rxb7 Nf1 27. Ne6 1-0

[Event "*** Titled Tuesday Blitz"]
[Site "Chess.com"]
[Date "2020.05.19"]
[Round "5"]
[White "Goryachkina"]
[Black "Aikiigm"]
[Result "1/2-1/2"]
[WhiteElo "2658"]
[BlackElo "2528"]
[TimeControl "180+1"]
[EndTime "12:56:05 PDT"]
[Termination "Game drawn - insufficient material"]

1. d4 Nf6 2. c4 c6 3. Nf3 d5 4. Nc3 a6 5. cxd5 cxd5 6. Bf4 Nc6 7. Rc1 Bf5 8. e3 e6 9. Be2 Bb4 10. O-O O-O 11. a3 Bd6 12. Bg5 h6 13. Bh4 Be7 14.
Na4 Rc8 15. Nc5 Bxc5 16. dxc5 g5 17. Bg3 Ne4 18. Nd4 Nxd4 19. exd4 Nxg3 20. hxg3 Qf6 21. b4 Kg7 22. g4 Bg6 23. Qd2 Rh8 24. f4 gxf4 25.
Qxf4 Qxf4 26. Rxf4 Rhe8 27. Rf2 Be4 28. Bf3 f5 29.
gxf5 exf5 30. a4 Kg6 31. b5 axb5 32. axb5 Ra8 33. c6 bxc6 34. bxc6 Rec8 35. Bxe4 fxe4 36. Rc5 Ra6 37. Rfc2 Rc7 38. Kf2 Kf6 39. Rxd5 Raxc6 40. Rxc6+ Rxc6 41. Re5 Rc2+ 42. Kg3 Re2 43. Kf4 Rxg2 44.
Kxe4 Re2+ 45. Kf4 Rxe5 46. dxe5+ Ke6 47. Kg4 Kxe5 48. Kh5 Kf6 49. Kxh6 1/2-1/2

[Event "*** Titled Tuesday Blitz"]
[Site "Chess.com"]
[Date "2020.05.19"]
[Round "5"]
[White "chessuriel"]
[Black "dbrankovic68"]
[Result "0-1"]
[WhiteElo "2167"]
[BlackElo "2342"]
[TimeControl "180+1"]
[EndTime "12:56:05 PDT"]
[Termination "dbrankovic68 won by resignation"]

1. e4 c5 2. Nf3 g6 3. d4 cxd4 4.
Nxd4 Bg7 5. c4 Nc6 6. Be3 Nf6 7. Nc3 Ng4 8. Qxg4 Nxd4 9. Qd1 Ne6 10. Qd2 d6 11.
Be2 Qa5 12. Rc1 Bd7 13. b3 O-O 14. Nd5 Qxd2+ 15. Kxd2 Rfe8 16. Bg4 Rac8 17. Bxa7 Ra8 18. Be3 Rxa2+ 19. Rc2 Rxc2+ 20. Kxc2 Bc6 21. f3 Nd4+ 22. Bxd4 Bxd4 23. Rd1 Bg7 24. Kd3 e6 25. Nb6 f5 26. Bh3 Kf7 27. Rd2 Bf6 28. Ra2 Bd8 29. Nc8 Bc7 30. Na7 Ra8 31. exf5 gxf5 32. b4 Bb6 33.
Nxc6 Rxa2 34. Nd4 Ra3+ 0-1